MWL (24 & UNDER)
PLUMSTEAD EAGLES @ MANHATTEN MEATHEADS
07/27/2030
 
TOP OF THE 1ST
Plumstead Eagles batting - Pitching for Manhatten Meatheads : RHP Diego Martínez
Pitching: RHP Diego Martínez
Batting: LHB Mauro López 0-0: SINGLE (Groundball, 34D)
Batting: LHB José Marín 0-0: Ball
1-0: Swinging Strike
1-1: Called Strike
1-2: Ball
2-2: SINGLE (Line Drive, 9S)
Mauro López to second
Runner from 2nd tries for 3rd, SAFE, no throw
Batting: LHB Conan Bush 0-0: Ball
1-0: Called Strike
José Marín steals 2nd base
1-1: Ball
2-1: Foul Ball, location: 2F
2-2: Foul Ball, location: 2F
2-2: Ground out 4-3 (Groundball, 4)
Mauro López scores
José Marín to third
Batting: LHB Dennis McConnell 0-0: Ground out U3 (Groundball, 3L)
Batting: RHB José Acuña 0-0: Called Strike
0-1: Ground out 6-3 (Groundball, 6)
Top of the 1st over - 1 run, 2 hits, 0 errors, 1 left on base; Plumstead 1 - Manhatten 0
BOTTOM OF THE 1ST
Manhatten Meatheads batting - Pitching for Plumstead Eagles : RHP Yuan Si-ma
Pitching: RHP Yuan Si-ma
Batting: LHB Wayne Rogers 0-0: Called Strike
0-1: Ball
1-1: Ground out U3 (Groundball, 34)
Batting: RHB Roberto Rodríguez 0-0: Called Strike
0-1: Foul Ball, location: 2F
0-2: Strikes out swinging
Batting: RHB António Vargas 0-0: SINGLE (Groundball, 6MD)
Batting: LHB Geoff May 0-0: Foul Ball, location: 2F
0-1: Ball
1-1: Ball
2-1: Fielders Choice at 2nd, 6-4 (Groundball, 6)
Bottom of the 1st over - 0 runs, 1 hit, 0 errors, 1 left on base; Plumstead 1 - Manhatten 0
TOP OF THE 2ND
Plumstead Eagles batting - Pitching for Manhatten Meatheads : RHP Diego Martínez
Batting: LHB Joe Rutherford 0-0: Called Strike
0-1: Ball
1-1: Swinging Strike
1-2: Strikes out looking
Batting: RHB Larry Johnson 0-0: SINGLE (Groundball, 56D)
Batting: RHB John Small 0-0: Ball
1-0: Ball
2-0: Called Strike
2-1: Ball
3-1: Base on Balls
Larry Johnson to second
Batting: LHB António Álvarez 0-0: Called Strike
0-1: Foul Ball, location: 2F
0-2: Fielders Choice at 2nd, 6-4 (Groundball, 6M)
Larry Johnson to third
Batting: LHB Mauro López 0-0: Called Strike
0-1: Ball
1-1: Swinging Strike
1-2: Ball
2-2: SINGLE (Groundball, 3) (infield hit)
Larry Johnson scores
António Álvarez to second
Batting: LHB José Marín 0-0: Ball
1-0: Ball
Wild Pitch!
António Álvarez to third
Mauro López to second
2-0: Ground out 6-3 (Groundball, 56)
Top of the 2nd over - 1 run, 2 hits, 0 errors, 2 left on base; Plumstead 2 - Manhatten 0
BOTTOM OF THE 2ND
Manhatten Meatheads batting - Pitching for Plumstead Eagles : RHP Yuan Si-ma
Batting: RHB Paul French 0-0: Foul Ball, location: 2F
0-1: Ball
1-1: SINGLE (Groundball, 6MD)
Batting: RHB Wayne Hanson 0-0: Called Strike
0-1: Ball
1-1: SINGLE (Line Drive, 4)
Paul French to second
Batting: RHB Louis-Alexandre Lévesque 0-0: Foul Ball, location: 2F
0-1: Ball
1-1: Fielders Choice at 2nd, 4-6 (Groundball, 34)
Paul French to third
Batting: LHB Justin Tubridy 0-0: Called Strike
0-1: Ball
1-1: Ball
2-1: Ball
3-1: Base on Balls
Louis-Alexandre Lévesque to second
Batting: RHB Dennis Kelly 0-0: Ball
1-0: Ball
2-0: Ball
3-0: Called Strike
3-1: Base on Balls
Paul French scores
Louis-Alexandre Lévesque to third
Justin Tubridy to second
Batting: LHB Wayne Rogers 0-0: Foul Ball, location: 2F
0-1: Grounds into double play, 5-4-3 (Groundball, 56)
Bottom of the 2nd over - 1 run, 2 hits, 0 errors, 2 left on base; Plumstead 2 - Manhatten 1
TOP OF THE 3RD
Plumstead Eagles batting - Pitching for Manhatten Meatheads : RHP Diego Martínez
Batting: LHB Conan Bush 0-0: SINGLE (Groundball, 2L) (infield hit)
Batting: LHB Dennis McConnell 0-0: Foul Ball, location: 2F
0-1: Foul Ball, location: 2F
0-2: Ball
1-2: Ball
2-2: Foul Ball, location: 2F
2-2: SINGLE (Flyball, 7LM)
Conan Bush to second
Batting: RHB José Acuña 0-0: Called Strike
0-1: Called Strike
0-2: Foul Ball, location: 2F
0-2: Ball
1-2: Foul Ball, location: 2F
1-2: Ball
2-2: Foul Ball, location: 2F
2-2: Foul Ball, location: 2F
2-2: Ball
3-2: Strikes out swinging
Batting: LHB Joe Rutherford 0-0: Called Strike
0-1: Ball
1-1: Foul Ball, location: 2F
1-2: Ball
2-2: Foul Ball, location: 2F
2-2: Ball
3-2: Strikes out looking
Batting: RHB Larry Johnson 0-0: Foul Ball, location: 2F
0-1: Swinging Strike
0-2: Strikes out swinging
Top of the 3rd over - 0 runs, 2 hits, 0 errors, 2 left on base; Plumstead 2 - Manhatten 1
BOTTOM OF THE 3RD
Manhatten Meatheads batting - Pitching for Plumstead Eagles : RHP Yuan Si-ma
Batting: RHB Roberto Rodríguez 0-0: Ground out 6-3 (Groundball, 6)
Batting: RHB António Vargas 0-0: Ball
1-0: Fly out, F7 (Line Drive, 7)
Batting: LHB Geoff May 0-0: DOUBLE (Line Drive, 78XD) - OUT at third base trying to stretch hit.
Bottom of the 3rd over - 0 runs, 1 hit, 0 errors, 0 left on base; Plumstead 2 - Manhatten 1
TOP OF THE 4TH
Plumstead Eagles batting - Pitching for Manhatten Meatheads : RHP Diego Martínez
Batting: RHB John Small 0-0: Ball
1-0: Called Strike
1-1: Swinging Strike
1-2: Fly out, F8 (Flyball, 78D)
Batting: LHB António Álvarez 0-0: Ball
1-0: TRIPLE (Line Drive, 89XD)
Batting: LHB Mauro López 0-0: Called Strike
0-1: SINGLE (Groundball, 34S) (infield hit)
António Álvarez scores
Batting: LHB José Marín 0-0: Ball
1-0: Ball
2-0: Ball
Pickoff Throw by Catcher to First - Error! E2
Mauro López to second
3-0: Base on Balls
Batting: LHB Conan Bush 0-0: Ball
1-0: Called Strike
1-1: Ball
2-1: Foul Ball, location: 2F
2-2: Grounds into double play, 4-6-3 (Groundball, 4)
Top of the 4th over - 1 run, 2 hits, 1 error, 1 left on base; Plumstead 3 - Manhatten 1
BOTTOM OF THE 4TH
Manhatten Meatheads batting - Pitching for Plumstead Eagles : RHP Yuan Si-ma
Batting: RHB Paul French 0-0: Called Strike
0-1: Called Strike
0-2: Foul Ball, location: 2F
0-2: Strikes out swinging
Batting: RHB Wayne Hanson 0-0: Called Strike
0-1: Ball
1-1: Foul Ball, location: 2F
1-2: Ball
2-2: Fly out, F8 (Line Drive, 8LM)
Batting: RHB Louis-Alexandre Lévesque 0-0: Ball
1-0: Ball
2-0: Called Strike
2-1: Ground out 4-3 (Groundball, 4)
Bottom of the 4th over - 0 runs, 0 hits, 0 errors, 0 left on base; Plumstead 3 - Manhatten 1
TOP OF THE 5TH
Plumstead Eagles batting - Pitching for Manhatten Meatheads : RHP Diego Martínez
Batting: LHB Dennis McConnell 0-0: Foul Ball, location: 2F
0-1: Called Strike
0-2: Ball
1-2: Strikes out looking
Batting: RHB José Acuña 0-0: Called Strike
0-1: Called Strike
0-2: SINGLE (Line Drive, 6MD)
Pitching: RHP Scott Roe
Batting: LHB Joe Rutherford 0-0: Ball
1-0: Foul Ball, location: 2F
1-1: Foul Ball, location: 2F
1-2: Ball
2-2: Ball
José Acuña steals 2nd base
3-2: Foul Ball, location: 2F
3-2: Base on Balls
Batting: RHB Larry Johnson 0-0: Called Strike
0-1: Swinging Strike
0-2: Foul Ball, location: 2F
0-2: Ball
1-2: Ball
2-2: Strikes out swinging
Batting: RHB John Small 0-0: Ball
1-0: Called Strike
1-1: Ball
2-1: Foul Ball, location: 2F
2-2: Ball
3-2: Foul Ball, location: 2F
3-2: Base on Balls
José Acuña to third
Joe Rutherford to second
Batting: LHB António Álvarez 0-0: Ball
1-0: Called Strike
1-1: Ball
2-1: Called Strike
2-2: Ball
3-2: Foul Ball, location: 2F
3-2: Strikes out swinging
Top of the 5th over - 0 runs, 1 hit, 0 errors, 3 left on base; Plumstead 3 - Manhatten 1
BOTTOM OF THE 5TH
Manhatten Meatheads batting - Pitching for Plumstead Eagles : RHP Yuan Si-ma
Batting: LHB Justin Tubridy 0-0: Called Strike
0-1: Ball
1-1: Ball
2-1: Ball
3-1: Swinging Strike
3-2: Foul Ball, location: 2F
3-2: Strikes out swinging
Batting: RHB Dennis Kelly 0-0: Ball
1-0: Ball
2-0: Ball
3-0: Base on Balls
Batting: LHB Wayne Rogers 0-0: Ball
1-0: Ball
2-0: Ball
3-0: Base on Balls
Dennis Kelly to second
Batting: RHB Roberto Rodríguez 0-0: Called Strike
0-1: SINGLE (Line Drive, 56)
Dennis Kelly to third
Wayne Rogers to second
Batting: RHB António Vargas 0-0: Ball
1-0: Swinging Strike
1-1: Ball
2-1: SINGLE (Line Drive, 6D)
Dennis Kelly scores
Wayne Rogers to third
Roberto Rodríguez to second
Runner from 3rd tries for Home, SAFE, throw made home
Batting: LHB Geoff May 0-0: Ball
1-0: Foul Ball, location: 2F
1-1: Foul Ball, location: 2F
1-2: Grounds into double play, 5-4-3 (Groundball, 5)
Bottom of the 5th over - 2 runs, 2 hits, 0 errors, 1 left on base; Plumstead 3 - Manhatten 3
TOP OF THE 6TH
Plumstead Eagles batting - Pitching for Manhatten Meatheads : RHP Scott Roe
Batting: LHB Mauro López 0-0: Called Strike
0-1: Ball
1-1: Ball
2-1: SINGLE (Line Drive, 4D)
Batting: LHB José Marín 0-0: Ball
1-0: Ball
2-0: Called Strike
2-1: Called Strike
2-2: Strikes out swinging
Batting: LHB Conan Bush 0-0: Ball
Wild Pitch!
Mauro López to second
1-0: Ball
2-0: Ball
3-0: Base on Balls
Batting: LHB Dennis McConnell 0-0: Ball
1-0: Ball
2-0: Called Strike
2-1: Foul Ball, location: 2F
2-2: Ball
3-2: Base on Balls
Mauro López to third
Conan Bush to second
Batting: RHB José Acuña 0-0: Ball
1-0: Ball
2-0: Ball
3-0: Base on Balls
Mauro López scores
Conan Bush to third
Dennis McConnell to second
Batting: LHB Joe Rutherford 0-0: SINGLE (Line Drive, 3L)
Conan Bush scores
Dennis McConnell to third
José Acuña to second
Runner from 3rd tries for Home, SAFE, no throw
Pitching: RHP José Ríos
Batting: RHB Larry Johnson 0-0: Fly out, F9 (Flyball, 89S)
Batting: RHB John Small 0-0: Ball
1-0: Foul Ball, location: 2F
1-1: Swinging Strike
1-2: Strikes out looking
Top of the 6th over - 3 runs, 2 hits, 0 errors, 2 left on base; Plumstead 6 - Manhatten 3
BOTTOM OF THE 6TH
Manhatten Meatheads batting - Pitching for Plumstead Eagles : RHP Yuan Si-ma
Batting: RHB Paul French 0-0: Called Strike
0-1: SINGLE (Flyball, 8LS)
Batting: RHB Wayne Hanson 0-0: Ball
1-0: Ball
2-0: Called Strike
2-1: Foul Ball, location: 2F
2-2: Ball
3-2: Fly out, F3 (Line Drive, 34)
Batting: RHB Louis-Alexandre Lévesque 0-0: Called Strike
0-1: Foul Ball, location: 2F
0-2: Ball
1-2: SINGLE (Groundball, 34D)
Paul French to second
Runner from 2nd tries for 3rd, SAFE, no throw
Batting: LHB Justin Tubridy 0-0: Swinging Strike
0-1: Foul Ball, location: 2F
0-2: Ball
1-2: SINGLE (Groundball, 15) (infield hit)
Louis-Alexandre Lévesque to second
Batting: RHB Dennis Kelly 0-0: Ball
1-0: Called Strike
1-1: Fly out, F8 (Flyball, 8RS)
Batting: LHB Wayne Rogers 0-0: Foul Ball, location: 2F
0-1: Ball
1-1: Ball
2-1: Foul Ball, location: 2F
2-2: Ball
3-2: Ground out 6-3 (Groundball, 6M)
Bottom of the 6th over - 0 runs, 3 hits, 0 errors, 3 left on base; Plumstead 6 - Manhatten 3
TOP OF THE 7TH
Plumstead Eagles batting - Pitching for Manhatten Meatheads : RHP José Ríos
Batting: LHB António Álvarez 0-0: Called Strike
0-1: Ball
1-1: Ball
2-1: Fly out, F4 (Line Drive, 4M)
Batting: LHB Mauro López 0-0: Swinging Strike
0-1: Called Strike
0-2: Ball
1-2: Ball
2-2: Foul Ball, location: 2F
2-2: Ball
3-2: Base on Balls
Batting: LHB José Marín 0-0: Ball
Mauro López steals 2nd base
1-0: Ground out 4-3 (Groundball, 4)
Mauro López to third
Batting: LHB Conan Bush 0-0: Ball
1-0: Ball
2-0: Called Strike
2-1: Fly out, F8 (Flyball, 8RD)
Top of the 7th over - 0 runs, 0 hits, 0 errors, 1 left on base; Plumstead 6 - Manhatten 3
BOTTOM OF THE 7TH
Manhatten Meatheads batting - Pitching for Plumstead Eagles : RHP Yuan Si-ma
Pitching: RHP Gilberto Ramírez
Batting: RHB Roberto Rodríguez 0-0: Ball
1-0: Ground out 5-3 (Groundball, 56)
Batting: RHB António Vargas 0-0: Ball
1-0: Called Strike
1-1: Called Strike
1-2: Foul Ball, location: 2F
1-2: Foul Ball, location: 2F
1-2: Ball
2-2: Foul Ball, location: 2F
2-2: Strikes out swinging, 2-3 out at first.
Batting: LHB Geoff May 0-0: Called Strike
0-1: Ball
1-1: Ball
2-1: Foul Ball, location: 2F
2-2: Strikes out swinging
Bottom of the 7th over - 0 runs, 0 hits, 0 errors, 0 left on base; Plumstead 6 - Manhatten 3
TOP OF THE 8TH
Plumstead Eagles batting - Pitching for Manhatten Meatheads : RHP José Ríos
Batting: LHB Dennis McConnell 0-0: Ball
1-0: Ball
2-0: Ball
3-0: Called Strike
3-1: Base on Balls
Batting: RHB José Acuña 0-0: Called Strike
0-1: Called Strike
0-2: Ball
1-2: Ball
2-2: SINGLE (Line Drive, 78S)
Dennis McConnell to second
Batting: LHB Joe Rutherford 0-0: Called Strike
0-1: Ball
1-1: Foul Ball, location: 2F
1-2: Foul Ball, location: 2F
1-2: Fielders Choice at 2nd, 4-6 (Groundball, 34)
Dennis McConnell to third
Batting: RHB Larry Johnson 0-0: Called Strike
0-1: Ball
1-1: Called Strike
1-2: Ball
2-2: Foul Ball, location: 2F
2-2: Strikes out swinging
Batting: RHB John Small 0-0: Ball
1-0: Foul Ball, location: 2F
1-1: Swinging Strike
1-2: Strikes out swinging
Top of the 8th over - 0 runs, 1 hit, 0 errors, 2 left on base; Plumstead 6 - Manhatten 3
BOTTOM OF THE 8TH
Manhatten Meatheads batting - Pitching for Plumstead Eagles : RHP Gilberto Ramírez
Batting: RHB Paul French 0-0: Called Strike
0-1: DOUBLE (Flyball, 8LD)
Batting: RHB Wayne Hanson 0-0: Ground out 6-3 (Groundball, 6)
Batting: RHB Louis-Alexandre Lévesque 0-0: Called Strike
0-1: Foul Ball, location: 2F
0-2: Ball
1-2: Ball
2-2: Ground out 6-3 (Groundball, 6)
Pitching: LHP José López
Batting: LHB Justin Tubridy 0-0: Called Strike
0-1: Ball
1-1: Ball
2-1: Foul Ball, location: 2F
2-2: Ground out 5-3 (Groundball, 56S)
Bottom of the 8th over - 0 runs, 1 hit, 0 errors, 1 left on base; Plumstead 6 - Manhatten 3
TOP OF THE 9TH
Plumstead Eagles batting - Pitching for Manhatten Meatheads : RHP José Ríos
Batting: LHB António Álvarez 0-0: Called Strike
0-1: Called Strike
0-2: Ball
1-2: Strikes out swinging
Batting: LHB Mauro López 0-0: Ball
1-0: Ball
2-0: Swinging Strike
2-1: Ball
3-1: Called Strike
3-2: Base on Balls
Pitching: RHP Michael Pittman
Batting: LHB José Marín 0-0: Ball
Mauro López is caught stealing 2nd base
1-0: Ground out 5-3 (Groundball, 5)
Top of the 9th over - 0 runs, 0 hits, 0 errors, 0 left on base; Plumstead 6 - Manhatten 3
BOTTOM OF THE 9TH
Manhatten Meatheads batting - Pitching for Plumstead Eagles : LHP José López
Pitching: RHP Davis Morgan
Batting: RHB Dennis Kelly 0-0: Foul Ball, location: 2F
0-1: Foul Ball, location: 2F
0-2: Strikes out looking
Batting: LHB Wayne Rogers 0-0: Called Strike
0-1: Ground out 4-3 (Groundball, 4S)
Batting: RHB Roberto Rodríguez 0-0: Foul Ball, location: 2F
0-1: Ball
1-1: Ball
2-1: Called Strike
2-2: Strikes out swinging
Bottom of the 9th over - 0 runs, 0 hits, 0 errors, 0 left on base; Plumstead 6 - Manhatten 3
Saturday, April 7th, 2018 - OOTP Baseball 18.8 Build 76